 Dungeon Crawl Stone Soup version 0.23.0-2-g0fe3ce5905 (webtiles) character file.

Game seed: 17581885219077235452

222 blaro the Covered (level 5, -5/47 HPs)
             Began as a Minotaur Fighter on Feb 20, 2019.
             Killed by divine providence
             ... invoked by an orc priest
              (10 damage)
             ... on level 4 of the Dungeon.
             The game lasted 00:12:54 (3106 turns).

blaro the Covered (Minotaur Fighter)                Turns: 3106, Time: 00:12:55

Health: -5/47      AC:  8    Str: 22    XL:     5   Next: 66%
Magic:  4/4        EV:  8    Int:  5    God:
Gold:   209        SH:  9    Dex:  9    Spells: 4/4 levels left

rFire    . . .     SeeInvis .   a - +0 war axe
rCold    . . .     Gourm    .   c - +0 shield
rNeg     . . .     Faith    .   b - +0 scale mail
rPois    .         Spirit   .   (helmet restricted)
rElec    .         Reflect  .   (no cloak)
rCorr    +         Harm     .   l - +0 pair of gloves
MR       .....                  (no boots)
Stlth    ..........             (no amulet)
HPRegen  0.15/turn              p - ring of resist corrosion
MPRegen  0.09/turn              (no ring)

@: no status effects
A: retaliatory headbutt, horns 2
a: no special abilities


You were on level 4 of the Dungeon.
You were hungry.

You visited 1 branch of the dungeon, and saw 4 of its levels.

You collected 209 gold pieces.

Inventory:

Hand Weapons
 a - a +0 war axe (weapon)
 s - a cursed -3 club
Armour
 b - a +0 scale mail (worn)
 c - a +0 shield (worn)
 l - a +0 pair of gloves (worn)
Jewellery
 p - a ring of resist corrosion (left hand)
Scrolls
 e - a scroll of noise {unknown}
 h - 3 scrolls of fog {unknown}
 i - 4 scrolls of identify {unknown}
 j - 3 scrolls of remove curse {unknown}
 o - a scroll of enchant armour {unknown}
 r - 2 scrolls of teleportation {unknown}
Potions
 d - a potion of might
 g - 2 potions of berserk rage {unknown}
 k - a potion of heal wounds {unknown}
 m - a potion of lignification {unknown}
 n - a potion of curing {unknown}
Comestibles
 f - 8 rations


   Skills:
 + Level 4.5 Fighting
 + Level 4.8 Axes
 + Level 5.0 Armour
 + Level 0.8 Dodging
 + Level 0.1 Stealth
 + Level 4.5 Shields


You had 4 spell levels left.
You didn't know any spells.
Your spell library was empty.

Dungeon Overview and Level Annotations

Branches:
Dungeon (4/15)
 Temple: D:4-7

Altars:
Fedhas
Uskayaw
Zin


Innate Abilities, Weirdness & Mutations

You reflexively headbutt those who attack you in melee.
You have a pair of horns on your head.


Message History

Beogh smites you!
The orc wizard gestures wildly while chanting.
The orc wizard flickers and vanishes!
Deactivating autopickup; reactivate with Ctrl-A.
You slash the orc!
You kill the orc!
The orc priest looks braver for a moment.
You closely miss the orc priest.
You are feeling hungry.
The orc priest calls down the wrath of Beogh upon you.
Beogh smites you!
You closely miss the orc priest.
The orc priest invokes the aid of Beogh against you.
Beogh smites you!
* * * LOW HITPOINT WARNING * * *
You hit the orc priest.
The orc priest is lightly wounded.
The orc priest calls down the wrath of Beogh upon you.
Beogh smites you!
You die...

.. #. .# ####... #.
.# .......
##.#+####.#........
.......... .......
#......###.......
#......+.........
#......##.....###
+......@oo.......
#......##o.?.....
..........++.o{.....
#.........##........
+.........##........
#.........##..oo....
#...#########.......
#... .o.....


You could see 2 orc priests, an orc wizard and an orc.

Vanquished Creatures
  Jessica (D:3)
  Ijyb (D:3)
  Robin (D:3)
  4 gnolls
  2 adders (D:2)
  A shadow imp (D:3)
  A worm (D:2)
  A leopard gecko (D:2)
  An orc (D:4)
  4 giant cockroaches
  14 goblins
  12 hobgoblins
  17 jackals
  A quokka (D:3)
  2 ball pythons
  8 bats
  2 frilled lizards
  6 kobolds
  6 rats
  A bush (D:3)
  4 plants (D:3)
90 creatures vanquished.

Notes
Turn   | Place    | Note
-------+----------+-------------------------------------------
     0 | D:1      | blaro the Minotaur Fighter began the quest for the Orb.
     0 | D:1      | Reached XP level 1. HP: 19/19 MP: 0/0
    74 | D:1      | Reached XP level 2. HP: 27/27 MP: 1/1
    87 | D:1      | Reached skill level 4 in Armour
   249 | D:1      | Reached XP level 3. HP: 8/33 MP: 2/2
  1060 | D:2      | Found a faded altar of an unknown god.
  1116 | D:2      | Reached XP level 4. HP: 39/41 MP: 3/3
  2060 | D:3      | Found a hide-covered altar of Uskayaw.
  2060 | D:3      | Noticed Jessica
  2064 | D:3      | Noticed Ijyb
  2073 | D:3      | Killed Jessica
  2073 | D:3      | Reached XP level 5. HP: 42/47 MP: 4/4
  2081 | D:3      | Killed Ijyb
  2331 | D:3      | Found a glowing silver altar of Zin.
  2340 | D:3      | Reached skill level 5 in Armour
  2461 | D:3      | Noticed Robin
  2495 | D:3      | Killed Robin
  2918 | D:3      | Found a blossoming altar of Fedhas.
  3106 | D:4      | Killed from afar by an orc priest

Skill      XL: |  1  2  3  4  5 |
---------------+----------------+-----
Armour         | 4 5 |  5.0
Fighting       | 4 |  4.5
Shields        | 4 |  4.5
Axes           | 3 4 |  4.8
Dodging        | |  0.8
Stealth        | |  0.1

Action                   |  1- 3 |  4- 6 || total
-------------------------+-------+-------++-------
Melee: War axe           |    80 |   128 ||   208
       Headbutt          |     8 |    44 ||    52
  Eat: Ration            |       |     2 ||     2
Armor: Scale mail        |    70 |    43 ||   113
Dodge: Dodged            |    28 |    46 ||    74
Block: Shield            |    54 |    74 ||   128
